 Dungeon Crawl Stone Soup version 0.28-a0-397-g1a7b1a870f (webtiles) character file.

Game seed: 11750652668108146124

291 Conn the Sneak (level 6, -1/38 HPs)
             Began as an Octopode Fire Elementalist on Sept 4, 2021.
             Slain by an orc wizard (3 damage)
             ... on level 4 of the Dungeon.
             The game lasted 00:07:14 (3646 turns).

Conn the Sneak (Octopode Fire Elementalist)         Turns: 3646, Time: 00:07:15

Health: -1/38      AC:  1    Str:  5 (7)  XL:     6   Next: 32%
Magic:  4/10       EV: 13    Int: 19 (20) God:
Gold:   105        SH:  0    Dex: 10 (12) Spells: 2/11 levels left

rFire   . . .      SeeInvis .   c - +0 dagger
rCold   . . .      Faith    .   (no shield)
rNeg    . . .      Spirit   .   (helmet restricted)
rPois   .          Reflect  .   (no amulet)
rElec   .          Harm     .   (no ring)
rCorr   .          Rampage  .   (no ring)
Will    .....                   (no ring)
Stlth   +++.......              (no ring)
HPRegen 0.12/turn               (no ring)
MPRegen 0.12/turn               (no ring)
                                (no ring)
                                (no ring)

@: silenced
A: almost no armour, amphibious, 8 rings, camouflage 1, gelatinous body 1,
(nimble swimmer 1), tentacles
a: no special abilities


You were on level 4 of the Dungeon.
You visited 1 branch of the dungeon, and saw 4 of its levels.

You collected 105 gold pieces.

Inventory:

Hand Weapons
 c - a +0 dagger (weapon)
Jewellery
 k - an amulet of guardian spirit
Scrolls
 e - a scroll of enchant armour {unknown}
 f - a scroll of amnesia
 h - a scroll of summoning {unknown}
 j - 3 scrolls of identify {unknown}
 l - a scroll of immolation {unknown}


   Skills:
 + Level 1.1 Fighting
 + Level 1.6 Short Blades
 + Level 2.6 Dodging
 + Level 4.7 Stealth
 + Level 3.0 Spellcasting
 + Level 2.2 Conjurations
 + Level 4.2 Fire Magic


You had 2 spell levels left.
You knew the following spells:

 Your Spells              Type           Power      Damage    Failure   Level
a - Foxfire               Conj/Fire      60%        2x1d7     4%          1
b - Scorch                Fire           36%        2d6       4%          2
c - Conjure Flame         Conj/Fire      15%        6-21      12%         3
d - Inner Flame           Hex/Fire       10%        N/A       19%         3

Your spell library contained the following spells:

 Spells                   Type           Power      Damage    Failure   Level
 Flame Wave               Conj/Fire      15%        3d5       36%         4


Dungeon Overview and Level Annotations

Branches:
Dungeon (4/15)
 Temple: D:4-7

Altars:

Shops:
D:3 ?


Innate Abilities, Weirdness & Mutations

You cannot wear most types of armour.
You are amphibious.
You can wear up to eight rings at the same time.
Your skin changes colour to match your surroundings (Stealth+).
Your rubbery body absorbs attacks. (AC +1, EV +1)
((You are camouflaged near water. (Stealth+)))
You have tentacles for arms and can constrict up to eight enemies at once.


Message History

There was something very wrong with that liquid.
You feel weakened.
You feel dopey.
You feel clumsy.
The orc priest calls upon Beogh to heal the orc priest.
The orc priest's wounds heal themselves!
The orc priest casts a cantrip, but nothing happens.
An orc comes into view. It is wielding a +0 club.
It was a potion of curing.
You feel better.
The orc priest calls down the wrath of Beogh upon you.
Beogh smites you!
* * * LOW HITPOINT WARNING * * *
Something hits you.
* * * LOW HITPOINT WARNING * * *
You aren't carrying any potions.
Unknown command.
As you read the scroll labelled SAPIEXK UZIMUASCHE, it crumbles to dust.
You feel aware of your surroundings.
You sensed 1 shop/portal.
It was a scroll of magic mapping.
As you read the scroll labelled OQECI COPT, it crumbles to dust.
You hear a loud clanging noise!
It was a scroll of noise.
You hear a shout! x2; You hear an angry hiss.
The orc priest miscasts a cantrip.
As you read the scroll labelled ROMEORRIRITO, it crumbles to dust.
A profound silence engulfs you.
It was a scroll of silence.
Something hits you.
* * * LOW HITPOINT WARNING * * *
Magic scrolls do not work when you're silenced!
Unknown command.
You aren't carrying any potions.
Unknown command.
Unknown command.
You aren't carrying any potions.
Unknown command.
Unknown command.
You hit the orc. You grab the orc.
The orc is moderately wounded.
You constrict the orc. Something hits you.
* * * LOW HITPOINT WARNING * * *
The orc misses you.
You miss something. You constrict the orc. Something hits you.
You die...

***,,≈,* ,**,,≈,*
,**,*≈** ,+,,*≈***
,****≈*,* ,* **#,* **
*,..##########
*,.........o.#
*,.......§§#@# ***
*,*####..<.)o#*****,*
*,#........o.....,,,*
*,#.......#######**,*
*,#........,,,,***,,*
*****,#....#..#****,≈,,**
,,,,,,.........,,>*,≈,,*
*****,#.......#**,*,≈,**
*,,,,,#...#...#**,**≈**


You could see 2 orc priests and an orc.

Vanquished Creatures
  Sigmund (D:2)
  An orc wizard (D:4)
  3 adders (D:3)
  3 worms
  7 dart slugs
  An orc (D:4)
  4 endoplasms
  A giant cockroach (D:2)
  8 goblins
  7 hobgoblins
  8 jackals (D:1)
  2 quokkas
  3 ball pythons
  8 bats
  A frilled lizard (D:2)
  4 kobolds
  5 rats
67 creatures vanquished.

Vanquished Creatures (others)
  128 foxfires
128 creatures vanquished.

Grand Total: 195 creatures vanquished

Notes
Turn   | Place    | Note
-------+----------+-------------------------------------------
     0 | D:1      | Conn the Octopode Fire Elementalist began the quest for the
                  | Orb.
     0 | D:1      | Reached XP level 1. HP: 11/11 MP: 3/3
   143 | D:1      | Reached XP level 2. HP: 17/17 MP: 1/5
   322 | D:1      | You fall into a shaft and drop 1 floor!
   760 | D:1      | Found a faded altar of an unknown god.
   908 | D:1      | Reached XP level 3. HP: 21/21 MP: 6/6
   973 | D:1      | Learned a level 2 spell: Scorch
   977 | D:1      | Learned a level 3 spell: Conjure Flame
  1757 | D:2      | Reached XP level 4. HP: 25/27 MP: 0/7
  2143 | D:2      | Noticed Sigmund
  2152 | D:2      | Killed Sigmund
  2153 | D:2      | Reached skill level 1 in Fighting
  2153 | D:2      | Reached skill level 1 in Short Blades
  2153 | D:2      | Reached XP level 5. HP: 33/33 MP: 7/9
  2549 | D:2      | Learned a level 3 spell: Inner Flame
  2780 | D:3      | Found Wivetz's Magic Scroll Emporium.
  2820 | D:3      | Reached XP level 6. HP: 18/38 MP: 6/10
  3646 | D:4      | Slain by an orc wizard

Illustrated notes

Levels and vault maps discovered:
D:1:      saegor_arrival_simple_a, layout_loops_ring, basic_ecumenical_altar
D:2:      layout_basic, chequers_hall_statues_y, minmay_misc_feat_tower,
          st_stairs_14, uniq_sigmund
D:3:      layout_loops_ring, serial_shops, shop
D:4:      layout_basic, serial_rivers, chequers_serial_rivers_micro_c,
          chequers_serial_rivers_room_b, chequers_serial_rivers_micro_a,
          chequers_serial_rivers_micro_b, chequers_serial_rivers_micro_b,
          lightli_ossuary_entry_decrepit_ruins, uniq_menkaure

Skill      XL: |  1  2  3  4  5  6 |
---------------+-------------------+-----
Stealth        | 3 4 |  4.7
Fighting       | 1 |  1.1
Short Blades   | 1 |  1.6
Conjurations   | 2 |  2.2
Fire Magic     | 4 |  4.2
Spellcasting   | 3 |  3.0
Dodging        | |  2.6

Action                   |  1- 3 |  4- 6 || total
-------------------------+-------+-------++-------
Melee: Unarmed           |     4 |       ||     4
       Dagger            |    50 |    38 ||    88
       Constrict         |    12 |     9 ||    21
       Tentacles         |     5 |     2 ||     7
 Cast: Foxfire           |    51 |    26 ||    77
  Use: Scroll            |     1 |     3 ||     4
       Potion            |       |     4 ||     4
 Stab: Sleeping          |     3 |     9 ||    12
Armor: Skin              |     7 |     5 ||    12
Dodge: Dodged            |    33 |    18 ||    51

Table legend: (Time is in decaauts)
 A = Elapsed time spent in this place.
 B = Non-inter-level travel time spent in this place.
 C = Inter-level travel time spent in this place.
 D = Time resting spent in this place.
 E = Time spent auto-exploring this place.
 F = Levels seen in this place.
 G = Mean time per level.
                   A        B        C        D        E       F      G
               +--------+--------+--------+--------+--------+-----+--------+
         Total |   3642 |   3619 |     23 |      0 |   2933 |   4 |  910.5 |
       Dungeon |   3642 |   3619 |     23 |      0 |   2933 |   4 |  910.5 |
               +--------+--------+--------+--------+--------+-----+--------+

Top non-repeatable levels by time:
     D:1: 1285 daAuts
     D:2: 1285 daAuts
     D:3: 1052 daAuts
     D:4: 18 daAuts
